 Dungeon Crawl Stone Soup version 0.30-a0-469-g84de5afbc5 (webtiles) character file.

Game seed: 9238950011800003234

9074 cforsyth the Protected (level 11, -1/103 HPs)
             Began as an Armataur Gladiator on Dec 19, 2022.
             Was an Elder of Okawaru.
             Slain by an orc
             ... wielding a +0 club
              (2 damage)
             ... on level 9 of the Dungeon.
             The game lasted 00:18:00 (11440 turns).

cforsyth the Protected (Armataur Gladiator)        Turns: 11440, Time: 00:18:01

Health: -1/103     AC: 19    Str: 29    XL:     11   Next: 18%
Magic:  10/11      EV:  7    Int:  8    God:    Okawaru [****..]
Gold:   307        SH:  5    Dex: 13    Spells: 10/10 levels left

rFire   . . .      SeeInvis .    C - +1 flail (venom)
rCold   + . .      Faith    .    (no shield)
rNeg    . . .      Spirit   .    t - +0 plate armour
rPois   .          Reflect  +    c - +1 helmet
rElec   .          Harm     .    q - +0 cloak
rCorr   .          Roll     +    y - +0 pair of gloves
Will    .....                    (no barding)
Stlth   ..........               b - amulet of reflection
HPRegen 0.37/turn                l - +6 ring of strength
MPRegen 0.12/turn                v - ring of protection from cold

@: mighty, marked
A: large, rugged brown scales 3, deformed body, armoured tail, roll, long
tongue, awkward tongue
a: Renounce Religion, Heroism, Finesse


You were on level 9 of the Dungeon.
You worshipped Okawaru.
Okawaru was greatly pleased with you.
You visited 1 branch of the dungeon, and saw 10 of its levels.

You collected 307 gold pieces.

Inventory:

Hand Weapons
 k - a +2 mace of draining
 C - a +1 flail of venom (weapon)
Missiles
 d - 3 throwing nets (quivered)
 e - a javelin
Armour
 c - a +1 helmet (worn)
 p - the +2 pair of gloves of Vedut {-Cast *Corrode Will+++}
   (You found it on level 3 of the Dungeon)

   -Cast:     It prevents spellcasting.
   *Corrode:  It may corrode you when you take damage.
   Will:      It greatly increases your willpower.
 q - a +0 cloak (worn)
 t - a +0 plate armour (worn)
 y - a +0 pair of gloves (worn)
Jewellery
 b - an amulet of reflection (around neck)
 i - a ring of magical power
 l - a +6 ring of strength (left hand)
 v - a ring of protection from cold (right hand)
 A - a ring of willpower
 E - a ring of ice
Wands
 x - a wand of iceblast (22)
 D - a wand of digging (8)
 L - a wand of polymorph (8)
Scrolls
 a - a scroll of amnesia
 g - a scroll of immolation
 j - 4 scrolls of fear
 m - a scroll of poison
 n - 4 scrolls of teleportation
 s - 2 scrolls of fog
 u - a scroll of magic mapping
 w - 2 scrolls of enchant armour
 F - a scroll of blinking {unknown}
 J - a scroll of acquirement {unknown}
 M - a scroll of summoning {unknown}
Potions
 f - a potion of attraction
 h - a potion of invisibility
 o - a potion of haste
 r - 2 potions of heal wounds
 B - 2 potions of curing
 G - 2 potions of brilliance
 H - a potion of mutation
 I - a potion of magic
Miscellaneous
 K - a phantom mirror


   Skills:
 + Level 9.5 Fighting
 + Level 9.7 Maces & Flails
 - Level 1.7 Throwing
 + Level 12.0 Armour
 - Level 2.1 Dodging


You had 10 spell levels left.
You didn't know any spells.
Your spell library contained the following spells:

 Spells                   Type           Power      Damage    Failure   Level
 Shock                    Conj/Air       0%         1d3       96%         1
 Cigotuvi's Dreadful Rot  Necr/Pois/Air  0%         N/A       99%         2
 Ensorcelled Hibernation  Hex/Ice        0%         N/A       99%         2
 Poisonous Vapours        Pois/Air       0%         N/A       99%         2
 Frozen Ramparts          Ice            0%         1d1       100%        3
 Mephitic Cloud           Conj/Pois/Air  0%         N/A       100%        3
 Spider Form              Tmut/Pois      0%         N/A       100%        3
 Swiftness                Air            0%         N/A       100%        3
 Airstrike                Air            0%         2d(0-16)  100%        4
 Anguish                  Hex/Necr       0%         N/A       100%        4
 Ice Form                 Ice/Tmut       0%         N/A       100%        4
 Manifold Assault         Tloc           0%         N/A       100%        4
 Dispersal                Tloc           0%         N/A       100%        6
 Disjunction              Tloc           0%         N/A       100%        8
 Summon Ice Beast         Ice/Summ       Unusable   N/A       N/A         4

Dungeon Overview and Level Annotations

Branches:
Dungeon (10/15)            Temple (0/1) D:7            Lair (0/5) D:10
    Orc: D:9-12

Altars:
Ashenzari
Elyvilon
Fedhas
Makhleb
Okawaru
Ru
Sif Muna
Wu Jian
Zin

Shops:
D:9 (

Annotations:
D:9 Harold


Innate Abilities, Weirdness & Mutations

You are completely covered in rugged brown scales. (AC +3, +7% HP)
Armour fits poorly on your strangely shaped body.
You have a long armoured tail.
You roll when moving toward enemies. (Rampage)
Your long tongue fully drains potion bottles. (2x potion effects)
Your tongue gives you trouble enunciating. (1.5x scroll delay)


Message History

Something hits you but does no damage.
The orc hits the bush but does no damage.
The orc hits the bush with a +0 club.
Something hits the bush but does no damage.
Something unexpectedly blocked you, preventing you from rolling!
You miss something.
Something unexpectedly blocked you, preventing you from rolling!
You thump something! Harold hits you but does no damage.
Something hits you but does no damage.
The orc hits the bush with a +0 club. x2
Something hits the bush but does no damage.
Something unexpectedly blocked you, preventing you from rolling!
You thump something! Okawaru accepts your kill.
Reactivating autopickup.
You feel a bit more experienced. Harold hits you but does no damage.
The orc hits the bush but does no damage.
You thump the orc!
You kill the orc!
You roll towards Harold!
You thump Harold!
Harold is poisoned.
You tail-slap Harold!!
Harold is heavily wounded.
You feel like a meek peon again. Harold hits you with a +0 glaive!
* * * LOW HITPOINT WARNING * * *
The orc hits the bush but does no damage. x2
The orc barely misses you.
The orc hits the bush with a +1 vorpal flail.
You closely miss Harold.
Harold is heavily wounded.
Harold hits you but does no damage.
The orc hits the bush but does no damage. x2
The orc hits you but does no damage.
The orc hits the bush but does no damage.
You hit Harold.
Harold is heavily wounded.
Harold hits you with a +0 glaive!
* * * LOW HITPOINT WARNING * * *
The orc hits the bush but does no damage.
The orc hits the bush with a +0 club.
The orc hits you with a +0 club.
You die...

.##...##......+
.####..'......# .#
####......# ##
#......# ###'####
##.# ###+ #..####
###...####
#.....#####o).8.o...
##+##....@@.o#...####
#......PPPoo.##o##
#.....P)PPPo..#o.#
#...#.PP_PPo#.# ...
#.......PP.......###
#.....PPP...######
#.......#####
#.......# #########


You could see Harold (very poisoned) and 6 orcs.

Vanquished Creatures
  2 two-headed ogres
  A manticore (D:10)
  Joseph (D:8)
  A rime drake (D:10)
  An unseen horror (D:10)
  A kobold demonologist (D:5)
  2 trolls
  2 polar bears (D:10)
  2 wraiths (D:9)
  A wyvern (D:10)
  A vampire (D:10)
  2 vampire mosquitoes (D:8)
  A water moccasin (D:7)
  A black bear (D:6)
  6 ice beasts
  3 orc warriors
  A wolf (D:10)
  6 ogres
  6 centaurs
  A phantom (D:5)
  A kobold brigand (D:10)
  5 bullfrogs
  3 necrophages
  A scorpion (D:4)
  4 wights (D:7)
  9 killer bees
  3 howler monkeys
  A crimson imp (D:5)
  4 hounds
  2 jellies
  A gnoll bouda (D:5)
  5 orc priests
  6 iguanas
  15 orc wizards
  A hound skeleton (D:4)
  7 gnolls
  7 adders
  A shadow imp (D:7)
  3 white imps
  An ufetubus (D:6)
  2 worms (D:4)
  2 dart slugs
  40 orcs
  8 endoplasms
  3 giant cockroaches
  4 goblins
  7 hobgoblins
  3 jackals (D:1)
  11 kobolds
  8 quokkas
  5 ball pythons
  5 bats
  3 frilled lizards (D:1)
  6 rats
  A bush (D:9)
230 creatures vanquished.

Vanquished Creatures (others)
  An orc (D:8)
1 creature vanquished.

Grand Total: 231 creatures vanquished

Notes
Turn   | Place    | Note
-------+----------+-------------------------------------------
     0 | D:1      | cforsyth the Armataur Gladiator began the quest for the
                  | Orb.
     0 | D:1      | Reached XP level 1. HP: 18/18 MP: 1/1
   230 | D:1      | Reached skill level 1 in Armour
   230 | D:1      | Reached XP level 2. HP: 22/25 MP: 2/2
   938 | D:2      | Reached XP level 3. HP: 30/32 MP: 3/3
  1139 | D:2      | Reached skill level 2 in Armour
  1531 | D:3      | Identified the +2 pair of gloves of Vedut {-Cast *Corrode
                  | Will+++}
  1851 | D:3      | Reached XP level 4. HP: 39/39 MP: 4/4
  1938 | D:3      | Found a sacrificial altar of Ru.
  2294 | D:4      | Reached skill level 3 in Armour
  2577 | D:4      | Reached XP level 5. HP: 22/48 MP: 5/5
  2792 | D:4      | Found a burning altar of Makhleb.
  2849 | D:4      | Reached skill level 4 in Armour
  2849 | D:4      | Reached XP level 6. HP: 43/54 MP: 6/6
  3774 | D:5      | Entered Level 5 of the Dungeon
  3894 | D:5      | Found a glowing silver altar of Zin.
  3905 | D:5      | Found a broken altar of Ashenzari.
  4096 | D:5      | Found a white marble altar of Elyvilon.
  4242 | D:5      | Reached skill level 5 in Armour
  4242 | D:5      | Reached XP level 7. HP: 49/64 MP: 7/7
  4315 | D:5      | Reached skill level 5 in Maces & Flails
  4375 | D:5      | Found an iron altar of Okawaru.
  4609 | D:5      | Found an ornate altar of the Wu Jian Council.
  4956 | D:6      | Reached skill level 6 in Armour
  4997 | D:6      | Noticed a two-headed ogre
  4998 | D:6      | Noticed a kobold demonologist
  5014 | D:6      | Noticed an orange demon
  5015 | D:6      | Noticed an ice devil
  5017 | D:6      | Killed a two-headed ogre
  5018 | D:6      | Reached skill level 5 in Fighting
  5018 | D:6      | Reached skill level 7 in Armour
  5018 | D:6      | Reached XP level 8. HP: 16/74 MP: 8/8
  5442 | D:5      | Killed a kobold demonologist
  5647 | D:5      | Became a worshipper of Warmaster Okawaru
  5757 | D:6      | Reached skill level 8 in Armour
  5763 | D:6      | Reached XP level 9. HP: 83/83 MP: 9/9
  6461 | D:7      | Reached * piety under Okawaru
  6588 | D:7      | Found a staircase to the Ecumenical Temple.
  6644 | D:7      | Reached skill level 9 in Armour
  6704 | D:7      | HP: 4/84 [killer bee (3)]
  7221 | D:7      | Found a shimmering blue altar of Sif Muna.
  7606 | D:8      | Noticed Joseph
  8821 | D:7      | Reached ** piety under Okawaru
  9006 | D:8      | Killed Joseph
  9007 | D:8      | Reached skill level 10 in Armour
  9007 | D:8      | Reached XP level 10. HP: 48/94 MP: 10/10
  9480 | D:8      | You fall into a shaft and drop 2 floors!
  9480 | D:10     | Entered Level 10 of the Dungeon
  9600 | D:10     | Reached *** piety under Okawaru
  9908 | D:10     | Found a staircase to the Lair.
  9954 | D:10     | Reached skill level 11 in Armour
 10329 | D:10     | Reached **** piety under Okawaru
 10428 | D:10     | Noticed a manticore
 10436 | D:10     | Killed a manticore
 10709 | D:10     | Noticed a two-headed ogre
 10714 | D:10     | Killed a two-headed ogre
 10718 | D:10     | Reached XP level 11. HP: 72/103 MP: 11/11
 11154 | D:9      | Found Cyeluasch's Antique Weapon Shoppe.
 11305 | D:9      | Reached skill level 12 in Armour
 11341 | D:9      | Found a blossoming altar of Fedhas.
 11397 | D:9      | Noticed Harold
 11440 | D:9      | HP: 1/103 [Harold/+0 glaive (13)]
 11440 | D:9      | Slain by an orc

Illustrated notes

Levels and vault maps discovered:
D:1:      erik_arrival_orb_chamber, layout_basic
D:2:      layout_basic
D:3:      layout_loops_ring, mainiacjoe_overflow_24_doors,
          nicolae_elevator_lobby_plus
D:4:      layout_layer_cave, makhleb_blood_cavern_becter
D:5:      layout_basic, mainiacjoe_overflow_alcove_2,
          mainiacjoe_overflow_alcove_1, nicolae_wu_jian_glorious_leap,
          mainiacjoe_overflow_big_doors, minmay_fire_ice_demons
D:6:      cheibrodos_fzero, layout_loops_ring
D:7:      layout_cave_pods, led_sif_pool, minmay_temple_entry_large_hall
D:8:      layout_cave_pools, uniq_joseph
D:9:      layout_roguey, fedhas_bush_and_centaur_altar, hiddenorc2_lemuel,
          serial_shops, shop, uniq_harold
D:10:     layout_gridville, nicolae_hepliaklqana_monster_ancestors,
          hellmonk_lair_entry_icy, dk_noncrumbling_3,
          dreamdust_princess_corridor, laboratory, uniq_lodul

Skill      XL: |  1  2  3  4  5  6  7  8  9 10 11 |
---------------+----------------------------------+-----
Fighting       | 2 3 4 5 6 7 9 |  9.5
Armour         | 1 2 3 4 5 7 8 10 11 12 | 12.0
Maces & Flails | 3 4 6 8 9 |  9.7
Throwing       | |  1.7
Dodging        | |  2.1

Action                   |  1- 3 |  4- 6 |  7- 9 | 10-12 || total
-------------------------+-------+-------+-------+-------++-------
Melee: Flail             |    59 |       |   142 |   262 ||   463
       Tailslap          |     4 |    13 |    39 |    51 ||   107
       Mace              |    35 |   166 |   125 |       ||   326
       Punch             |       |     2 |     3 |     6 ||    11
Invok: Heroism           |       |       |       |     1 ||     1
  Use: Scroll            |       |       |    13 |     5 ||    18
       Potion            |       |       |     2 |     2 ||     4
Armor: Leather armour    |    26 |       |       |       ||    26
       Scale mail        |    13 |       |       |       ||    13
       Plate armour      |       |   114 |   221 |   215 ||   550
Dodge: Dodged            |    45 |    36 |    98 |   105 ||   284
Block: Other             |       |    30 |    71 |    65 ||   166
       Reflection        |       |     1 |     3 |     9 ||    13

Table legend: (Time is in decaauts)
 A = Elapsed time spent in this place.
 B = Non-inter-level travel time spent in this place.
 C = Inter-level travel time spent in this place.
 D = Time resting spent in this place.
 E = Time spent auto-exploring this place.
 F = Levels seen in this place.
 G = Mean time per level.
                   A        B        C        D        E       F      G
               +--------+--------+--------+--------+--------+-----+--------+
         Total |  11530 |  11105 |    425 |   2953 |   6190 |  10 | 1153.0 |
       Dungeon |  11530 |  11105 |    425 |   2953 |   6190 |  10 | 1153.0 |
               +--------+--------+--------+--------+--------+-----+--------+

Top non-repeatable levels by time:
     D:7: 2601 daAuts
     D:5: 1819 daAuts
     D:4: 1536 daAuts
    D:10: 1348 daAuts
     D:1: 1001 daAuts
     D:6: 872 daAuts
     D:3: 735 daAuts
     D:9: 609 daAuts
     D:2: 545 daAuts
     D:8: 462 daAuts
